General information
			
			
        
        - name: el
 
        - type: Custom game
 
        - host: Retarded_Archer
 
        - saver: TIMG4STRok
 
        
map: EchoIsles 
        - players: 3
 
        - length: 18:52
 
        - speed: Fast
 - version: 1.22 W3XP
 - replay type:  

 
» download(85 KB)
Players
        team 1 (winner) 
              
              
Retarded_Archer (
pink | 151 APM | 2858 actions | 18:52)
              
 4 Archmage 
 2 Summon Water Elemental
 2 Brilliance Aura
 4 Mountain King 
 2 Storm Bolt
 2 Bash
 
                » actions 
                
                | Assign group hotkey | 45 |  | 
| Basic commands | 211 |  | 
| Build / train | 64 |  | 
| ESC pressed | 2 |  | 
| Enter build submenu | 15 |  | 
| Enter hero's abilities submenu | 8 |  | 
| Give item / drop item | 2 |  | 
| Right click | 1306 |  | 
| Select / deselect | 627 |  | 
| Select group hotkey | 471 |  | 
| Use ability | 107 |  | 
                2858 total
 » units 
                
                | Peasant | 8 |  | 
| Footman | 6 |  | 
| Rifleman | 6 |  | 
| Spell Breaker | 6 |  | 
| Priest | 4 |  | 
| Sorceress | 5 |  | 
                35 total
 » upgrades
                
                | Long Rifles | 1 |  | 
| Sorceress Training | 2 |  | 
| Gunpowder | 1 |  | 
                4 total
 » buildings
                
                | Altar of Kings | 2 |  | 
| Farm | 8 |  | 
| Barracks | 1 |  | 
| Arcane Vault | 1 |  | 
| Keep | 2 |  | 
| Blacksmith | 1 |  | 
| Arcane Sanctum | 2 |  | 
                17 total
 » build order
                00:03 Altar of Kings
00:04 Farm
00:06 Altar of Kings
00:32 Barracks
01:07 Farm
01:41 Arcane Vault
03:04 Farm
03:24 Keep
03:47 Blacksmith
05:12 Farm
06:00 Arcane Sanctum
06:02 Arcane Sanctum
06:33 Farm
07:58 Farm
07:59 Farm
10:31 Farm
» items
                
                | Scroll of Regeneration | 3 |  | 
| Lesser Clarity Potion | 2 |  | 
| Potion of Mana | 1 |  | 
| Potion of Healing | 2 |  | 
| Scroll of Town Portal | 1 |  | 
| Potion of Lesser Invulnerability | 1 |  | 
                10 total
  
               team 2 (loser) 
              
              
TIMG4STRok (
gray | 124 APM | 2332 actions | 18:52)
              
 3 Demon Hunter 
 2 Mana Burn
 1 Evasion
 5 Pandaren Brewmaster 
 3 Breath of Fire
 1 Drunken Haze
 1 Drunken Brawler
 
                » actions 
                
                | Assign group hotkey | 24 |  | 
| Basic commands | 69 |  | 
| Build / train | 63 |  | 
| ESC pressed | 1 |  | 
| Enter build submenu | 14 |  | 
| Enter hero's abilities submenu | 8 |  | 
| Give item / drop item | 2 |  | 
| Right click | 1119 |  | 
| Select / deselect | 299 |  | 
| Select group hotkey | 609 |  | 
| Use ability | 124 |  | 
                2332 total
 » units 
                
                | Wisp | 16 |  | 
| Archer | 5 |  | 
| Dryad | 10 |  | 
| Druid of the Claw | 1 |  | 
                32 total
 » upgrades
                
                | Abolish Magic | 1 |  | 
| Druid of the Claw Training | 2 |  | 
| Well Spring | 1 |  | 
                4 total
 » buildings
                
                | Altar of Elders | 1 |  | 
| Moon Well | 6 |  | 
| Ancient of War | 1 |  | 
| Tree of Ages | 1 |  | 
| Hunter's Hall | 1 |  | 
| Ancient of Lore | 2 |  | 
| Ancient of Wonders | 1 |  | 
| Tree of Eternity | 1 |  | 
| Ancient Protector | 1 |  | 
| Tree of Life | 1 |  | 
                16 total
 » build order
                00:05 Altar of Elders
00:19 Moon Well
00:34 Ancient of War
01:32 Moon Well
02:40 Tree of Ages
03:15 Moon Well
03:55 Hunter's Hall
05:09 Ancient of Lore
05:10 Ancient of Lore
07:11 Moon Well
07:15 Ancient of Wonders
07:59 Tree of Eternity
08:02 Ancient Protector
09:58 Moon Well
14:02 Moon Well
15:21 Tree of Life
» items
                
                | Boots of Speed | 1 |  | 
| Staff of Preservation | 1 |  | 
| Potion of Healing | 5 |  | 
| Scroll of Town Portal | 2 |  | 
| Potion of Mana | 3 |  | 
| Moonstone | 1 |  | 
                13 total
  
               observersBRAUMS Chat log
          (00:12 / All) TIMG4STRok: gl hf
(00:14 / All) Retarded_Archer: gl
(00:46 / All) TIMG4STRok: so what brings you to wgdf.
(00:51 / All) Retarded_Archer: THE 1V1S
(00:54 / All) TIMG4STRok: wahoo
(00:58 / All) TIMG4STRok: me too, i love 1v1
(01:11 / All) Retarded_Archer: the pro micro
(01:21 / All) TIMG4STRok: don't know if you're going to get that there
(01:26 / All) TIMG4STRok: lots of bad people in that forum.
(01:26 / All) Retarded_Archer: PROB NOT
(06:57 / All) Retarded_Archer: dog needs to be elt in
(06:58 / All) TIMG4STRok: go
(18:50 / All) TIMG4STRok: gg